 Dungeon Crawl Stone Soup version 0.26.1-2-gb8aa6d0cf2 (webtiles) character file.

Game seed: 14177926794362761904

1921 hawla the Conjurer (level 8, -3/59 HPs)
             Began as a Black Draconian Conjurer on Feb 18, 2021.
             Was an Initiate of Vehumet.
             Slain by a centaur (7 damage)
             ... on level 5 of the Dungeon.
             The game lasted 00:19:41 (7653 turns).

hawla the Conjurer (Black Draconian Conjurer)       Turns: 7653, Time: 00:19:42

Health: -3/59      AC:  6    Str:  9    XL:     8   Next: 96%
Magic:  5/15       EV: 13    Int: 21    God:    Vehumet [......]
Gold:   251        SH:  0    Dex: 10    Spells: 9/16 levels left

rFire    . . .     SeeInvis .   k - +0 whip (venom)
rCold    . . .     Faith    .   (no shield)
rNeg     . . .     Spirit   .   (armour unavailable)
rPois    .         Reflect  .   (helmet restricted)
rElec    +         Harm     .   (no cloak)
rCorr    .         Rampage  .   (no gloves)
Will     .....                  (no boots)
Stlth    ++........             g - amulet of regeneration
HPRegen  0.59/turn              j - ring of flight
MPRegen  0.14/turn              (no ring)

@: no status effects
A: breathe lightning, unfitting armour, electricity resistance, cold-blooded, AC
+6
a: Breathe Lightning, Renounce Religion, Evoke Flight


You were on level 5 of the Dungeon.
You worshipped Vehumet.
Vehumet was noncommittal.
You visited 2 branches of the dungeon, and saw 8 of its levels.

You collected 251 gold pieces.

Inventory:

Hand Weapons
 k - a +0 whip of venom (weapon)
Missiles
 f - 10 boomerangs (quivered)
Jewellery
 g - an amulet of regeneration (around neck)
 j - a ring of flight (left hand)
Wands
 v - a wand of flame (14)
 w - a wand of iceblast (10)
Scrolls
 a - a scroll of blinking {unknown}
 b - a scroll of identify
Potions
 u - a potion of degeneration


   Skills:
 - Level 1.3 Fighting
 - Level 1.1 Maces & Flails
 + Level 4.1 Dodging
 + Level 4.4 Stealth
 - Level 0.5 Unarmed Combat
 + Level 4.7 Spellcasting
 + Level 7.7 Conjurations
 + Level 3.7 Translocations
 + Level 3.9 Air Magic


You had 9 spell levels left.
You knew the following spells:

 Your Spells              Type           Power        Failure   Level
a - Magic Dart            Conj           100%         1%          1
b - Searing Ray           Conj           74%          1%          2
c - Iskenderun's Mystic   Conj/Tloc      29%          11%         4

Your spell library contained the following spells:

 Spells                   Type           Power        Failure   Level
 Dazzling Flash           Conj/Hex       42%          7%          3
 Fulminant Prism          Conj/Hex       10%          22%         4


Dungeon Overview and Level Annotations

Branches:
Dungeon (7/15)             Temple (1/1) D:4

Altars:
Dithmenos
Elyvilon
Fedhas
Hepliaklqana
Kikubaaqudgha
Makhleb
Nemelex Xobeh
Okawaru
Qazlal
Ru
Trog
Uskayaw
Vehumet
Wu Jian
Xom
Yredelemnul

Annotations:
D:4 Prince Ribbit


Innate Abilities, Weirdness & Mutations

You can breathe wild blasts of lightning.
Your glossy black scales are hard. (AC +6)
You cannot fit into any form of body armour.
You are resistant to electric shocks. (rElec)
You are cold-blooded and may be slowed by cold attacks.


Message History

Things that are here:
a +2 whip of electrocution; a +0 robe You completely miss the centaur.
You tail-slap the centaur, but do no damage.
The centaur is severely wounded.
The centaur hits you but does no damage. x2
You barely miss the centaur.
The centaur is severely wounded.
The centaur hits you.
* * * LOW HITPOINT WARNING * * *
Casting: Searing Ray (safe; 1% risk of failure)
Confirm with . or Enter, or press ? or * to list all spells.
Aiming: Searing Ray (safe; 1% risk of failure)
Press: ? - help, Shift-Dir - straight line, f - centaur
Aim: a centaur, quivering 19 arrows (severely wounded, 12% to evade)
The searing ray hits the centaur.
The centaur is almost dead. (Press . to maintain the ray.)
The centaur closely misses you. The centaur hits you!
You die...

......###
#.......#
#.......#
#.......#
#.......###
#.......#<#
#...§..(#.#
#.......#o##.#...
#(....§@co(......
#########.#..#..#
#.#..# #.# ...
#.# .#5. #.. ...5
... .... #..


You could see a centaur and 2 orcs.

Vanquished Creatures
  Pikel (D:5)
  2 phantoms
  A necrophage (D:7)
  A centaur (D:7)
  3 scorpions
  5 killer bees
  A water moccasin skeleton (D:5)
  4 wights (D:7)
  2 bullfrog zombies
  An orc priest (D:4)
  A bullfrog skeleton (D:7)
  A hound (D:7)
  Jessica (D:3)
  An iguana (D:7)
  Natasha (thrice) (D:3)
  2 orc wizards
  2 worker ants
  8 adders
  A shadow imp (D:5)
  2 ufetubi
  An ooze (D:3)
  4 worms
  3 dart slugs
  7 orcs
  7 giant cockroaches
  6 goblins
  5 hobgoblins
  6 jackals
  A quokka (D:3)
  3 ball pythons
  9 bats
  6 frilled lizards
  7 kobolds
  A quokka zombie (D:5)
  5 rats
114 creatures vanquished.

Vanquished Creatures (others)
  8 withered plants (D:7)
8 creatures vanquished.

Grand Total: 122 creatures vanquished

Notes
Turn   | Place    | Note
-------+----------+-------------------------------------------
     0 | D:1      | hawla the Draconian Conjurer began the quest for the Orb.
     0 | D:1      | Reached XP level 1. HP: 14/14 MP: 3/3
   185 | D:1      | Reached XP level 2. HP: 20/20 MP: 0/5
  1009 | D:2      | Learned a level 2 spell: Searing Ray
  1114 | D:2      | Reached XP level 3. HP: 26/26 MP: 4/6
  1150 | D:2      | Reached skill level 5 in Conjurations
  2753 | D:3      | Reached XP level 4. HP: 34/34 MP: 2/7
  3005 | D:3      | Reached XP level 5. HP: 39/39 MP: 0/9
  3081 | D:3      | Noticed Natasha
  3093 | D:3      | Reached skill level 1 in Fighting
  3094 | D:3      | Killed Natasha
  3249 | D:3      | Noticed Jessica
  3258 | D:3      | Killed Jessica
  3259 | D:3      | Reached skill level 6 in Conjurations
  3429 | D:3      | Noticed Natasha
  3471 | D:3      | Killed Natasha
  3596 | D:3      | Reached skill level 1 in Maces & Flails
  3680 | D:3      | Found a white marble altar of Elyvilon.
  3893 | D:3      | Reached XP level 6. HP: 47/47 MP: 6/10
  4134 | D:3      | Noticed Natasha
  4139 | D:3      | Killed Natasha
  4213 | D:4      | Learned a level 4 spell: Iskenderun's Mystic Blast
  4523 | D:4      | You fall into a shaft and drop 3 floors!
  4540 | D:7      | Reached skill level 1 in Translocations
  4710 | D:7      | Your scales start taking on a glossy black colour.
  4710 | D:7      | Reached XP level 7. HP: 52/52 MP: 7/12
  4710 | D:7      | Gained mutation: You are resistant to electric shocks.
                  | (rElec) [Black Draconian growth]
  4749 | D:7      | Found an ornate altar of the Wu Jian Council.
  4810 | D:7      | Reached skill level 1 in Air Magic
  4975 | D:7      | Reached skill level 7 in Conjurations
  5206 | D:7      | Found an ancient bone altar of Kikubaaqudgha.
  5215 | D:7      | Reached XP level 8. HP: 59/59 MP: 1/13
  5362 | D:6      | Found a blossoming altar of Fedhas.
  5370 | D:5      | Entered Level 5 of the Dungeon
  5509 | D:5      | Noticed Prince Ribbit
  5519 | D:5      | Noticed Pikel
  6168 | D:4      | Found a staircase to the Ecumenical Temple.
  6173 | Temple   | Entered the Ecumenical Temple
  6556 | Temple   | Became a worshipper of Vehumet
  7649 | D:5      | Killed Pikel
  7653 | D:5      | Slain by a centaur

Illustrated notes

Levels and vault maps discovered:
D:1:      lightli_arrival_maybe_door_vault, layout_basic,
          chequers_decorated_corner, minivault_24
D:2:      layout_basic
D:3:      layout_loops_ring, elyvilon_altar_5, uniq_jessica, uniq_natasha
D:4:      layout_basic, minmay_temple_entry_wispy
D:5:      layout_basic, grunt_temple_overflow_gold_and_silver, uniq_pikel,
          uniq_prince_ribbit1
D:6:      layout_gridville, kennysheep_mini_moat, fedhas_ov_isle_minmay,
          nicolae_ossuary_entry_giza, serial_shops, shop
D:7:      layout_loops_ring, pdpol_wu_jian_five_deadly_venoms,
          kiku_gazebo_garden_becter, serial_shops, shop_scrolls,
          amcnicky_mini_pool_medium, uniq_menkaure
Temple:   minmay_temple_forest_path

Skill      XL: |  1  2  3  4  5  6  7  8 |
---------------+-------------------------+-----
Conjurations   | 5 6 7 |  7.7
Spellcasting   | 3 4 |  4.7
Fighting       | 1 |  1.3
Maces & Flails | 1 |  1.1
Dodging        | 2 3 4 |  4.1
Stealth        | 2 3 4 |  4.4
Translocations | 1 2 3 |  3.7
Air Magic      | 2 3 |  3.9
Unarmed Combat | |  0.5

Action                   |  1- 3 |  4- 6 |  7- 9 || total
-------------------------+-------+-------+-------++-------
Melee: Unarmed           |    10 |       |       ||    10
       Whip              |    39 |    14 |    36 ||    89
       Tailslap          |     5 |     1 |     3 ||     9
Throw: Boomerang         |       |       |     2 ||     2
 Cast: Magic Dart        |    47 |    13 |    13 ||    73
       Searing Ray       |    15 |    34 |    40 ||    89
       Iskenderun's Myst |       |       |     6 ||     6
  Use: Scroll            |     4 |     1 |    13 ||    18
       Potion            |     2 |       |     3 ||     5
Armor: Skin              |    31 |     8 |    49 ||    88
Dodge: Dodged            |    12 |    22 |    83 ||   117
